 Dungeon Crawl Stone Soup version 0.19-a0-1878-gcbc8a98 (webtiles) character file.

8540 zarick13 the Basher (level 11, -6/66 HPs)
             Began as a Gargoyle Gladiator on Oct 14, 2016.
             Was a Priest of Vehumet.
             Killed from afar by a hell hound (13 damage)
             ... with a blast of flame
             ... on level 10 of the Dungeon.
             The game lasted 00:25:20 (9866 turns).

zarick13 the Basher (Gargoyle Gladiator)            Turns: 9866, Time: 00:25:20

Health: -6/66      AC: 18    Str: 18    XL:     11   Next: 32%
Magic:  11/11      EV: 12    Int: 13    God:    Vehumet [***...]
Gold:   603        SH:  6    Dex: 10    Spells: 2 memorised, 6 levels left

rFire  . . .     SeeInvis +     A - +5 flail (crush)
rCold  . . .     Gourm    .     b - +0 leather armour
rNeg   + . .     Faith    .     C - +0 buckler
rPois  ∞         Spirit   .     c - +2 helmet
rElec  +         Dismiss  .     l - +0 cloak
rCorr  .         Reflect  .     (no gloves)
MR     .....     Harm     .     n - +2 pair of boots
Stlth  +.........               (no amulet)
                                F - ring of see invisible
                                u - ring of wizardry

@: no status effects
A: negative energy resistance 1, electricity resistance, unbreathing,
petrification resistance, rot immunity, AC +7
a: Renounce Religion


You were on level 10 of the Dungeon.
You worshipped Vehumet.
Vehumet was most pleased with you.
You were not hungry.

You visited 2 branches of the dungeon, and saw 11 of its levels.

You collected 603 gold pieces.


Innate Abilities, Weirdness & Mutations

You are resistant to torment.
Your stone body is resilient. (AC +7)
You are immune to poison.
You resist negative energy. (rN+)
You are resistant to electric shocks. (rElec)
You can survive without breathing.
You are immune to petrification.
You are immune to rotting.


   Skills:
 - Level 6.4 Fighting
 + Level 12.4 Maces & Flails
 - Level 1.7 Throwing
 - Level 5.0 Armour
 - Level 2.4 Dodging
 - Level 9.0 Shields
 - Level 5.3 Conjurations


You had 6 spell levels left.
You knew the following spells:

 Your Spells              Type           Power        Failure   Level  Hunger
a - Sting                 Conj/Pois      #...         1%          1    ##.....
b - Static Discharge      Conj/Air       #.......     4%          3    ####...

Inventory:

Hand Weapons
 a - a +0 flail
 j - a +2 whip of electrocution
 A - a +5 flail of crushing (weapon)
Armour
 b - a +0 leather armour (worn)
 c - a +2 helmet (worn)
 l - a +0 cloak (worn)
 n - a +2 pair of boots (worn)
 p - a +0 helmet of intelligence
 C - a +0 buckler (worn)
Jewellery
 u - a ring of wizardry (left hand)
 E - an uncursed ring of wizardry
 F - a ring of see invisible (right hand)
Wands
 r - a wand of random effects (37/48)
 y - a wand of iceblast (2/15)
Scrolls
 q - 2 scrolls of magic mapping
 s - a scroll of noise {!r}
 v - 2 scrolls of recharging
 x - 2 scrolls of remove curse
 z - 2 scrolls of teleportation {@r4}
 D - a scroll of immolation {!r}
Potions
 e - 5 potions of haste {@q3}
 h - 2 potions of lignification {!q}
 i - 2 potions of resistance
 k - 2 potions of might
 m - a potion of heal wounds {@q2}
 o - 2 potions of cure mutation
 B - 2 potions of brilliance {unknown}
Books
 w - a book of Changes

   Spells                             Type                      Level
   a - Beastly Appendage              Transmutation                1
   b - Sticks to Snakes               Transmutation                2
   c - Spider Form                    Transmutation/Poison         3
   d - Ice Form                       Ice/Transmutation            4
   e - Blade Hands                    Transmutation                5
Comestibles
 f - 8 bread rations
 g - 5 meat rations
 t - 4 chunks of flesh

Dungeon Overview and Level Annotations

Branches:
Dungeon (10/15)            Temple (1/1) D:5
   Lair: D:8-11         Orc: D:9-12

Altars:
Ashenzari
Cheibriados
Dithmenos
Elyvilon
Fedhas
Gozag
Hepliaklqana
Kikubaaqudgha
Makhleb
Nemelex Xobeh
Okawaru
Qazlal
Ru
Sif Muna
Trog
Uskayaw
Vehumet
Xom
Yredelemnul
Zin
The Shining One

Shops:
D:7 }   D:8 *

Portals:
Trove: D:10 (give 13 potions of heal wounds)

Annotations:
D:7 1 runed door

#.....o#.......#............#..
#......#.......#............#..
#......#.......#............#..
#......#.......#....###'#####..
#......#.......#....#..........
#......(.......####'#..........
#####'##.(..(...)..............
.............(.)))............
............h@..............##
#............................#
#............................#
#............................#
...........##################
#######....# ######


You could see a hell hound (caught).


Message History

You hit the hell hound.
The hell hound is heavily wounded.
The hell hound bites you but does no damage. x2
You barely miss the hell hound.
The hell hound is heavily wounded.
The hell hound bites you.
* * * LOW HITPOINT WARNING * * *
You closely miss the hell hound.
The hell hound is heavily wounded.
The hell hound breathes flames at you. The blast of flame hits you!
* * * LOW HITPOINT WARNING * * *
You hit the hell hound but do no damage.
The hell hound is heavily wounded.
The hell hound bites you but does no damage.
Throwing (i - inventory):
d - a throwing net (quivered)
{=f}
Aim: a hell hound (heavily wounded, catching its breath)
You throw a throwing net {=f}.
The throwing net {=f} hits the hell hound.
The hell hound is caught in the net!
The hell hound is heavily wounded.
The hell hound struggles against the net.
Some of the chunks of flesh in your inventory have rotted away.
You catch the helpless hell hound completely off-guard!
You hit the hell hound but do no damage.
The hell hound is heavily wounded.
The hell hound struggles against the net.
The hell hound breathes flames at you. The blast of flame hits you!
You die...

Action                   |  1- 3 |  4- 6 |  7- 9 | 10-12 || total
-------------------------+-------+-------+-------+-------++-------
Melee: Flail             |    38 |       |   153 |   368 ||   559
       Whip              |    54 |   185 |   140 |       ||   379
Throw: Throwing net      |       |       |     2 |     3 ||     5
 Cast: Static Discharge  |       |       |       |    19 ||    19
       Sting             |       |       |       |     9 ||     9
Evoke: Wand              |       |       |     2 |       ||     2
  Use: Scroll            |     4 |     8 |     6 |     2 ||    20
       Potion            |       |       |       |     1 ||     1
 Stab: Sleeping          |       |       |     1 |       ||     1
       Held in net/web   |       |       |       |     1 ||     1
  Eat: Chunk             |       |     7 |    11 |    11 ||    29
       Meat ration       |       |       |       |     1 ||     1
Armor: Leather armour    |    42 |    55 |    80 |   173 ||   350
Dodge: Dodged            |    57 |    73 |   104 |   209 ||   443
Block: Buckler           |       |       |     6 |   136 ||   142

Vault maps used:
D:1:      evilmike_arrival_plus, minmay_misc_feat_nine_boxes,
          evilmike_ruin_ashenzari
D:2:      kennysheep_big_flooded_room, gammafunk_temple_overflow_elements,
          nemelex_altar_shiori, first_bread, serial_bayou_pond_a
D:3:      serial_bayou_pond_a
D:4:      serial_undead, serial_undead_b, serial_undead_e, serial_undead_c,
          serial_undead_d, uniq_robin, uniq_blork_the_orc, uniq_duvessa
D:5:      minmay_misc_feat_cross, trog_butcher_becter
D:6:      uniq_edmund, uniq_sigmund
D:7:      cheibrodos_shockbox, serial_shops, nicolae_shop_stone, basic_altar,
          uniq_menkaure
D:8:      serial_shops, kennysheep_mini_moat, basic_altar
D:9:      gammafunk_temple_overflow_wave
D:10:     minmay_lair_entry_lava, enter_trove_3, uniq_joseph
Temple:   regret_index_temple_sphere_string

Notes
Turn   | Place    | Note
-------+----------+-------------------------------------------
     0 | D:1      | zarick13 the Gargoyle Gladiator began the quest for the Orb.
     0 | D:1      | Reached XP level 1. HP: 12/12 MP: 1/1
   205 | D:1      | Reached XP level 2. HP: 17/17 MP: 2/2
   476 | D:1      | Reached skill level 4 in Maces & Flails
   683 | D:1      | Reached XP level 3. HP: 21/21 MP: 3/3
   688 | D:1      | Found a shattered altar of Ashenzari.
  1018 | D:2      | Reached XP level 4. HP: 19/26 MP: 4/4
  1340 | D:2      | Reached skill level 5 in Maces & Flails
  1412 | D:2      | Found a sparkling altar of Nemelex Xobeh.
  1705 | D:2      | Found a basalt altar of Yredelemnul.
  1705 | D:2      | Found a shattered altar of Ashenzari.
  2457 | D:3      | Reached XP level 5. HP: 23/30 MP: 5/5
  2803 | D:4      | Reached skill level 6 in Maces & Flails
  2837 | D:4      | Reached XP level 6. HP: 35/35 MP: 6/6
  2848 | D:4      | Noticed Robin
  2875 | D:4      | Killed Robin
  3008 | D:4      | Reached skill level 7 in Maces & Flails
  3072 | D:4      | Noticed Duvessa
  3072 | D:4      | Noticed Dowan
  3094 | D:4      | Killed Duvessa
  3110 | D:4      | Killed Dowan
  3110 | D:4      | Reached XP level 7. HP: 37/40 MP: 7/7
  3198 | D:4      | Noticed Blork the orc
  3209 | D:4      | Killed Blork the orc
  3209 | D:4      | Reached skill level 8 in Maces & Flails
  3716 | D:5      | Entered Level 5 of the Dungeon
  4060 | D:5      | Found a bloodstained altar of Trog.
  4169 | D:5      | Reached skill level 9 in Maces & Flails
  4196 | D:5      | Found a staircase to the Ecumenical Temple.
  4209 | Temple   | Entered the Ecumenical Temple
  4317 | Temple   | Became a worshipper of Vehumet
  4558 | D:6      | Reached XP level 8. HP: 44/44 MP: 8/8
  4563 | D:6      | Noticed Sigmund
  5154 | D:6      | Killed Sigmund
  5154 | D:6      | Reached skill level 10 in Maces & Flails
  5270 | D:6      | Noticed Edmund
  5292 | D:6      | Killed Edmund
  5292 | D:6      | Reached skill level 11 in Maces & Flails
  5363 | D:6      | Reached XP level 9. HP: 48/48 MP: 9/9
  5474 | D:7      | Found a runed door.
  5474 | D:7      | Noticed a sixfirhy
  5506 | D:7      | Found Gopsil's Gadget Shoppe.
  5534 | D:7      | Found a burning altar of Makhleb.
  5614 | D:7      | Reached * piety under Vehumet
  5614 | D:7      | Offered knowledge of Flame Tongue by Vehumet.
  5672 | D:7      | Reached skill level 12 in Maces & Flails
  6152 | D:7      | Reached skill level 1 in Shields
  6188 | D:7      | Noticed Menkaure
  6203 | D:7      | Killed Menkaure
  6203 | D:7      | Reached skill level 2 in Shields
  6296 | D:8      | Reached skill level 3 in Shields
  6321 | D:8      | Reached skill level 4 in Shields
  6352 | D:8      | Identified a potion of resistance
  6479 | D:8      | Offered knowledge of Sting by Vehumet.
  6481 | D:8      | Reached ** piety under Vehumet
  6488 | D:8      | Reached skill level 5 in Shields
  6605 | D:8      | Noticed a brown ugly thing
  6618 | D:8      | Killed a brown ugly thing
  6618 | D:8      | Reached skill level 6 in Shields
  6618 | D:8      | Reached XP level 10. HP: 38/53 MP: 10/10
  6630 | D:8      | Reached skill level 7 in Shields
  6758 | D:8      | Found a burning altar of Makhleb.
  6834 | D:8      | Found Qareadd's Assorted Antiques.
  6840 | D:8      | Learned a level 1 spell: Sting
  6963 | D:9      | Reached skill level 1 in Conjurations
  6975 | D:9      | Reached skill level 2 in Conjurations
  7003 | D:9      | Reached skill level 3 in Conjurations
  7312 | D:9      | Reached skill level 4 in Conjurations
  7356 | D:9      | Reached skill level 5 in Conjurations
  7530 | D:9      | Reached skill level 8 in Shields
  7567 | D:9      | Offered knowledge of Static Discharge by Vehumet.
  7610 | D:9      | Learned a level 3 spell: Static Discharge
  7809 | D:9      | Reached skill level 9 in Shields
  7827 | D:9      | Reached skill level 3 in Fighting
  8297 | D:9      | Found a white marble altar of Elyvilon.
  8297 | D:9      | Found a burning altar of Makhleb.
  8459 | D:10     | Entered Level 10 of the Dungeon
  8459 | D:10     | Noticed a brown ugly thing
  8488 | D:10     | Reached skill level 4 in Fighting
  8495 | D:10     | Reached *** piety under Vehumet
  8594 | D:10     | Killed a red ugly thing
  8594 | D:10     | Reached skill level 5 in Fighting
  8594 | D:10     | Reached XP level 11. HP: 27/64 MP: 8/11
  8834 | D:10     | Reached skill level 6 in Fighting
  8944 | D:10     | Reached skill level 1 in Armour
  8970 | D:10     | Reached skill level 2 in Armour
  9010 | D:10     | Offered knowledge of Olgreb's Toxic Radiance by Vehumet.
  9042 | D:10     | Found a portal to a secret trove of treasure.
  9118 | D:10     | Noticed Joseph
  9144 | D:10     | Killed Joseph
  9144 | D:10     | Reached skill level 3 in Armour
  9192 | D:10     | Reached skill level 4 in Armour
  9537 | D:10     | Reached skill level 5 in Armour
  9863 | D:10     | HP: 6/66 [hell hound/blast of flame (18)]
  9866 | D:10     | Killed from afar by a hell hound

Vanquished Creatures
  2 ugly things
  Joseph (D:10)
  4 trolls
  A hornet (D:9)
  3 hippogriffs
  9 yaks
  Sigmund (D:6)
  A hungry ghost (D:8)
  Menkaure (D:7)
  Edmund (D:6)
  A hell hound (D:10)
  Duvessa (D:4)
  An ice beast (D:7)
  4 orc warriors
  A black bear (D:6)
  A sky beast (D:7)
  3 ogres
  A necrophage (D:9)
  4 centaurs
  3 big kobolds
  Blork the orc (D:4)
  4 bullfrogs
  Dowan (D:4)
  2 scorpions (D:6)
  9 killer bees
  2 crimson imps
  A bullfrog zombie (D:4)
  4 hounds
  A jelly (D:6)
  12 orc wizards
  2 centaur skeletons
  3 orc priests
  7 iguanas
  8 worker ants
  A killer bee zombie (D:7)
  Robin (D:4)
  A howler monkey zombie (D:9)
  9 gnolls
  9 adders
  5 shadow imps
  An ooze (D:1)
  An adder zombie (D:4)
  4 adder skeletons
  A worm (D:2)
  A dart slug (D:2)
  9 leopard geckos
  23 orcs
  5 bats
  A giant cockroach (D:3)
  13 goblins
  9 hobgoblins
  13 jackals
  25 kobolds
  2 quokkas
  6 frilled lizards
  2 giant cockroach zombies (D:4)
  A jackal zombie (D:8)
  A leopard gecko zombie (D:4)
  7 rats
252 creatures vanquished.
